[Event "Live Chess"] [Site "Chess.com"] [Date "2022.01.30"] [Round "?"] [White
"atbeaty"] [Black "Schachmasteo"] [Result "1-0"] [ECO "B12"] [WhiteElo "1443"]
[BlackElo "2102"] [TimeControl "2700+30"] [EndTime "9:02:30 PST"] [Termination
"atbeaty won - game abandoned"]  1. e4 c6 2. d4 d5 3. e5 Bf5 4. h4 h5 5. c4 e6
6. Nc3 dxc4 7. Bxc4 Nd7 8. Bg5 Be7 9. Nf3 Bg4 10. Be2 Nh6 11. Ne4 Qa5+ 12. Nfd2
Bxe2 13. Qxe2 Nf5 14. Bxe7 Kxe7 15. O-O Nxd4 16. Qd3 Qxe5 17. Rfe1 Nf5 18. Nc3
Qd6 19. Qxf5 Kf8 20. Qg5 Rh6 21. Rad1 Qc7 22. Nf3 Nf6 23. Ne5 Kg8 24. Re3 Nd5
25. Rg3 Rh7 26. Nxd5 cxd5 27. Rc1 Qd6 28. Rgc3 f6 29. Rc8+ Qf8 30. Rxf8+ Rxf8
31. Qg6 1-0 
1-0

[Event "Live Chess"] [Site "Chess.com"] [Date "2022.01.28"] [Round "?"] [White
"Chess_Gainz"] [Black "sriracha"] [Result "1-0"] [ECO "C22"] [WhiteElo "2320"]
[BlackElo "1969"] [TimeControl "3600+30"] [EndTime "10:25:23 PST"] [Termination
"Chess_Gainz won by resignation"]  1. e4 e5 2. d4 exd4 3. Qxd4 Nc6 4. Qe3 Nf6 5.
Nc3 Bb4 6. Bd2 O-O 7. O-O-O Re8 8. Qg3 Nxe4 9. Nxe4 Rxe4 10. Bf4 Qf6 11. Nh3 h6
12. Bxc7 d6 13. Bxd6 Rg4 14. Qf3 Bf5 15. Bd3 Bxd6 16. Qxf5 Qxf5 17. Bxf5 Rd4 18.
c3 Rxd1+ 19. Rxd1 Rd8 20. g3 Bc5 21. Rxd8+ Nxd8 22. Kd2 Kf8 23. Ke2 Ke7 24. Nf4
Kf6 25. Bc8 b6 26. Nd3 Bd6 27. Ke3 Nc6 28. Ke4 Ne5 29. Nxe5 Bxe5 30. Kd5 Bc7 31.
Kc6 Bd8 32. Kd7 Be7 33. b4 a5 34. a3 h5 35. Kc7 axb4 36. axb4 Ke5 37. Bb7 h4 38.
Kxb6 hxg3 39. hxg3 Kd6 40. Be4 Bd8+ 41. Kb7 Bf6 42. c4 Bc3 43. c5+ Ke5 44. c6
1-0 
1-0

[Event "Live Chess"] [Site "Chess.com"] [Date "2022.01.30"] [Round "-"] [White
"chessterfish"] [Black "ssoroka78"] [Result "1-0"] [CurrentPosition
"8/8/P1k5/4Kp2/1P4pp/8/5PPP/8 b - -"] [Timezone "UTC"] [ECO "A30"] [ECOUrl
"https://www.chess.com/openings/English-Opening-Symmetrical-Variation-2.Nf3"]
[UTCDate "2022.01.30"] [UTCTime "19:29:02"] [WhiteElo "1922"] [BlackElo "1683"]
[TimeControl "2700+30"] [Termination "chessterfish won by resignation"]
[StartTime "19:29:02"] [EndDate "2022.01.30"] [EndTime "21:02:45"] [Link
"https://www.chess.com/game/live/37309885765"]  1. Nf3 c5 2. c4 Nc6 3. Nc3 g6 4.
e3 e5 {INACCURACY (+1.28)} ({(+0.31) The best move was} 4... Nf6 5. d4 cxd4 6.
exd4 d5 7. cxd5 Nxd5 8. Qb3 e6 9. Bb5 Bg7 10. Bg5 f6 11. Bd2 O-O 12. O-O Na5 13.
Qa3 a6 14. Bd3 Nc6 15. Qb3 Na5 16. Qa3 Nc6 17. Qb3 Na5) 5. d4 cxd4 ± 6. exd4
exd4 7. Nxd4 {Critical move.} 7... Bg7? {MISTAKE (+3.78)} ({(+1.87) The best
move was} 7... a6 8. Bf4 Bg7 9. Nxc6 Bxc3+ 10. bxc3 dxc6 11. Qxd8+ Kxd8 12.
O-O-O+ Ke8 13. Re1+ Ne7 14. Be5 Rg8 15. Bf6 Be6 16. g4 b5 17. g5 bxc4 18. Bxc4
Nd5 19. Be5 Kd7 20. h4 Rge8 21. h5 Bf5 22. h6 a5 23. f4 a4 24. Rhf1 a3 25. Bb3)
8. Ndb5 Qe7+ {INACCURACY (+ 4.57)} ({(+3.56) The best move was} 8... Nf6 9. Qd6
Qe7+ 10. Qxe7+ Kxe7 11. Bf4 Kf8 12. Nc7 Rb8 13. Be2 h5 14. Rd1 d6 15. Bxd6+ Kg8
16. Bf4 Bf5 17. N7b5 Kh7 18. Bxb8 Rxb8 19. Nd6 Be6 20. O-O Ne8 21. Nde4 Kg8 22.
Ng5 Bxc3 23. Nxe6 Bh8 24. Ng5 Nd4 25. Rfe1 Nf5) 9. Be2 Be5 10. Nd5 Qd8 11. Bg5??
= {BLUNDER (0.00)} ({(+4.63) The best move was} 11. Qd3 Kf8 12. f4 Bg7 13. Be3
Nge7 14. O-O-O Nf5 15. Qa3+ Kg8 16. Bb6 Qf8 17. Qxf8+ Kxf8 18. Bc7 h5 19. Nd6
Nfd4 20. Bf3 Ne6 21. Rhe1 f5 22. a3 b6 23. Nb5 Kf7 24. b4 Re8 25. Nd6+ Kf8 26.
Nxe8 Kxe8 27. g4) 11... f6?? ± {BLUNDER (+5.19) Critical mistake.} ({(0.00) The
best move was} 11... Qxg5 12. Nbc7+ Bxc7 13. Nxc7+ Kd8 14. Nxa8 Qa5+ 15. Qd2 b6
16. Qxa5 bxa5 17. O-O-O Nf6 18. Rd6 Ne4 19. Rd5 Nf6) 12. Bf4 {INACCURACY
(+4.05)} ({(+5.19) The best move was} 12. f4 Bb8 13. Bh4 Nce7 14. Nbc3 Nf5 15.
Bf2 h5 16. Qd2 d6 17. O-O-O Be6 18. Rhe1 Kf8 19. Bf3 Bf7 20. Ne3 Nxe3 21. Qxe3
Nh6 22. Bxb7 Ng4 23. Qf3 Bc7 24. Bxa8 Nxf2 25. Qxf2 Qxa8) 12... Bxf4 13. Nxf4
{Critical move.} 13... a6 {INACCURACY (+5.71)} ({(+4.21) The best move was}
13... Qa5+ 14. Qd2 Qxd2+ 15. Kxd2 Rb8 16. Rhe1 Nh6 17. Rad1 O-O 18. Kc3 Nf7 19.
b4 Kg7 20. Nd5 b6 21. Ndc7 Rd8 22. Bf3 Bb7 23. Bd5 g5 24. a3 a6 25. Bxc6 Bxc6
26. Nxa6 Ra8 27. Nac7 Bxg2 28. Nxa8 Bxa8) 14. Nd6+ Kf8 15. Qd5 Qa5+ 16. Qxa5
Nxa5 17. Nd5 Rb8 18. Nb6 Ne7 19. Ndxc8 {INACCURACY (+5.70)} ({(+6.94) The best
move was} 19. O-O-O Kg7 20. Rhe1 Rf8 21. f4 Kh8 22. Bf3 Ng8 23. h4 f5 24. h5
gxh5 25. Bxh5 Nc6 26. Bf3 Nf6 27. a3 a5 28. Kb1 Nd8 29. Nxf5 d5 30. Nd6 dxc4)
19... Rxc8 20. Nxc8 Nxc8 21. O-O-O d6 22. Rd5 Nc6 23. a3 h5 24. Rhd1 Ke7 25. c5
dxc5 26. Rd7+ Ke8 27. Rxb7 Nd4 28. Bxa6 Rg8 29. Re1+ Kd8 30. Rb8 Kc7 31. Rxc8+
Rxc8 32. Bxc8 Kxc8 33. Re8+ Kd7 34. Rg8 g5 35. Kd2 Ke6 36. Kd3 Kd5 37. Rd8+ Ke5
38. Rxd4 cxd4 39. a4 Kd5 40. a5 f5 41. a6 Kc6 42. b4 g4 43. Kxd4 h4 44. Ke5 (44.
Ke5 Kb6 45. g3 f4 46. Kxf4 hxg3 47. hxg3 Kxa6 48. b5+ Kxb5 49. Kxg4 Kc5 50. Kf5
Kd4 51. g4 Kd3 52. g5 Ke2 53. f4 Ke3 54. g6 Kd4 55. Ke6 Ke4 56. f5 Kd3 57. g7)
1-0 
1-0

[Event "Live Chess"] [Site "Chess.com"] [Date "2022.01.28"] [Round "?"] [White
"DonStuard"] [Black "kyle_b81"] [Result "1-0"] [ECO "B21"] [WhiteElo "1159"]
[BlackElo "1326"] [TimeControl "1800+30"] [EndTime "20:01:52 PST"] [Termination
"DonStuard won by resignation"]  1. e4 c5 2. d4 cxd4 3. c3 d6 4. cxd4 Nc6 5. Bb5
Bd7 6. d5 Ne5 7. f4 Bxb5 8. fxe5 dxe5 9. Nc3 Ba6 10. Qa4+ Qd7 11. Qxd7+ Kxd7 12.
Nf3 f6 13. a4 Nh6 14. b4 Bc4 15. Bxh6 gxh6 16. O-O-O Rc8 17. b5 Bb3 18. Rd3 Bxa4
19. Kb2 Rc4 20. Nd2 Bxb5 21. Nxb5 Rb4+ 22. Rb3 Rxb3+ 23. Nxb3 a6 24. Na7 Bg7 25.
Rc1 Ra8 26. Nc5+ Kd6 27. Nxb7+ Kd7 28. Nc6 h5 29. Nc5+ Ke8 30. Ne6 Bh6 31. Nc7+
Kd7 32. Nxa8 Bxc1+ 33. Kxc1 Kd6 34. Kb2 e6 35. Nb6 f5 36. Na5 exd5 37. Nxd5 fxe4
38. Ne3 Kc5 39. Kc3 Kb5 40. Nec4 h4 41. Kd2 Kb4 42. Ke3 h3 43. g3 Kb5 44. Kxe4
Kb4 45. Kxe5 Kc3 46. Kf5 Kd3 47. Kg5 Ke4 48. Kh5 Kf3 49. Kh4 Kg2 50. Ne3+ Kxh2
51. g4 Kg1 52. Kxh3 Kf2 53. Nec4 Kf3 54. Kh4 Kf4 55. Kh5 h6 56. Nb6 Kg3 57. Nd7
Kf4 58. Nc5 Ke5 59. Nxa6 Kf6 60. Kxh6 Kf7 61. Kh7 Kf6 62. Kh6 Kf7 63. g5 Kg8 64.
Nc6 Kh8 65. Ne5 Kg8 66. Nc5 Kh8 67. Ne6 Kg8 68. Nf4 Kh8 69. Ne6 Kg8 70. Nc5 Kh8
71. Nb7 Kg8 72. Nd6 Kh8 73. Nef7+ Kg8 74. g6 Kf8 75. Kh7 Ke7 76. g7 1-0 
1-0

[Event "Live Chess"] [Site "Chess.com"] [Date "2022.01.29"] [Round "?"] [White
"falk312"] [Black "douglassu2"] [Result "1/2-1/2"] [ECO "C65"] [WhiteElo "1752"]
[BlackElo "2103"] [TimeControl "2700+30"] [EndTime "9:05:53 PST"] [Termination
"Game drawn by agreement"]  1. e4 e5 2. Nf3 Nc6 3. Bb5 Nf6 4. d3 d6 5. O-O Be7
6. c3 O-O 7. h3 a6 8. Ba4 b5 9. Bc2 h6 10. Be3 d5 11. exd5 Nxd5 12. Bc1 Bf6 13.
Nbd2 Nce7 14. Ne4 Ng6 15. d4 exd4 16. Nxf6+ Qxf6 17. Qxd4 Qxd4 18. Nxd4 Bb7 19.
Be4 Rae8 20. f3 Re5 21. b3 f5 22. Nxf5 Rfxf5 23. g4 Rf6 24. c4 Rxe4 25. fxe4
Rxf1+ 26. Kxf1 Nf6 27. cxb5 axb5 28. e5 Nxe5 29. Bf4 Nf3 30. Bxc7 Ng5 31. h4 Nf3
32. g5 hxg5 33. hxg5 Nxg5 34. a4 bxa4 35. bxa4 Nd5 36. Bd8 Ne6 37. Bh4 Kf7 38.
a5 Ba6+ 39. Kf2 g5 40. Bg3 Nc5 41. Kg2 Be2 42. Kf2 Bb5 43. Kg2 Na6 44. Bf2 Ke6
45. Bb6 Kf5 46. Kg3 Bc6 47. Rf1+ Nf4 48. Be3 Ke4 49. Bxf4 gxf4+ 50. Rxf4+ Kd5
51. Rf5+ Kc4 1/2-1/2 
1/2-1/2

[Event "Live Chess"] [Site "Chess.com"] [Date "2022.01.29"] [Round "?"] [White
"HLuebb"] [Black "scottpost"] [Result "1-0"] [ECO "A58"] [WhiteElo "1350"]
[BlackElo "1695"] [TimeControl "3600+30"] [EndTime "8:47:42 PST"] [Termination
"HLuebb won by resignation"]  1. d4 Nf6 2. c4 c5 3. d5 b5 4. cxb5 a6 5. bxa6
Bxa6 6. Nc3 g6 7. g3 Bg7 8. Bg2 d6 9. Nf3 O-O 10. Rb1 Nbd7 11. O-O Ng4 12. h3
Nge5 13. Re1 Qb6 14. Qc2 Rfb8 15. Bd2 Bc4 16. b3 Ba6 17. Ng5 h6 18. Ne6 fxe6 19.
dxe6 Nf8 20. Bxa8 Rxa8 21. Nd5 Qd8 22. f4 Nc6 23. f5 Nd4 24. Qe4 Nxf5 25. Kg2
Ra7 26. Rf1 Bb7 27. Rxf5 gxf5 28. Qxf5 Bxd5+ 29. Qxd5 Qa8 30. Qxa8 Rxa8 31. a4
Nxe6 32. e3 Kf7 33. Kf3 Ng5+ 34. Kg4 Ne4 35. Be1 Ke6 36. Kf3 d5 37. b4 Rxa4 38.
bxc5 Nxc5 39. Rb6+ Kd7 40. Bb4 Ne6 41. Rb7+ Nc7 42. Bxe7 Kxe7 43. Rxc7+ Kf8 44.
Rd7 Ra5 45. Kf4 Kg8 46. g4 Kh7 47. h4 Kg6 48. Rd6+ Kf7 49. Rd7+ Kf8 50. Kf5 Kg8
51. Kg6 Ra6 + 52. Kf5 Rf6+ 53. Ke5 Rg6+ 54. Kf5 Rf6+ 55. Ke5 Rf7+ 56. Ke6 Rxd7
57. Kxd7 Kf7 58. Kd6 d4 59. exd4 Bxd4 60. Kd5 Bf2 61. h5 Kf6 62. Ke4 Kg5 63. Kf3
Bd4 64. Kg3 Be5+ 65. Kf3 Bd6 66. Kg2 Kh4 67. Kh1 Kh3 68. Kg1 Bh2+ 69. Kh1 Kg3
70. g5 hxg5 71. h6 Kf3 72. Kxh2 1-0 
1-0

[Event "Live Chess"] [Site "Chess.com"] [Date "2022.01.29"] [Round "?"] [White
"litfinish"] [Black "Clarkp56"] [Result "1-0"] [ECO "D43"] [WhiteElo "1721"]
[BlackElo "876"] [TimeControl "2700+30"] [EndTime "11:52:48 PST"] [Termination
"litfinish won by checkmate"]  1. d4 d5 2. c4 c6 3. Nf3 Nf6 4. Nc3 e6 5. cxd5
cxd5 6. Bg5 Be7 7. e3 O-O 8. Bd3 a6 9. O-O Nc6 10. Rc1 b5 11. Nxb5 Bb7 12. Nc3
Rc8 13. Bb1 g6 14. h3 Qd6 15. Bf4 Qd7 16. Ne5 Nxe5 17. Bxe5 Ne8 18. Qe2 f6 19.
Bf4 Bd6 20. Bxd6 Nxd6 21. Bd3 Rc6 22. b3 f5 23. Na4 Rfc8 24. Nc5 Qe7 25. Rc2 Kf7
26. Rfc1 Qd8 27. Nxb7 Nxb7 28. Rxc6 Rxc6 29. Rxc6 Qd7 30. Qc2 Kf6 31. Rc7 Qd6
32. Rxb7 Qf8 33. Rxh7 Qg8 34. Qc7 Kg5 35. Qe7# 1-0 
1-0

[Event "Live Chess"] [Site "Chess.com"] [Date "2022.01.27"] [Round "?"] [White
"MFabian55"] [Black "BCGolem"] [Result "1-0"] [ECO "C65"] [WhiteElo "2089"]
[BlackElo "1741"] [TimeControl "2700+30"] [EndTime "17:54:53 PST"] [Termination
"MFabian55 won by resignation"]  1. e4 e5 2. Nf3 Nc6 3. Bb5 Nf6 4. d3 a6 5. Bxc6
bxc6 6. Nxe5 Qe7 7. Nf3 d5 8. Nc3 Qb4 9. O-O Bg4 10. exd5 cxd5 11. Re1+ Be7 12.
a3 Qd6 13. h3 Bxf3 14. Qxf3 O-O 15. Bf4 Qd7 16. Re5 c6 17. Rae1 Bd6 18. Rg5 h6
19. Rxg7 + Kxg7 20. Qg3+ Kh7 21. Bxd6 Rg8 22. Qh2 Rae8 23. Kf1 Rxe1+ 24. Kxe1
Qe6+ 25. Kd2 Qf5 26. g4 Qf3 27. Ne2 Re8 28. Nd4 Ne4+ 29. dxe4 Qxe4 30. Qf4 Qe1+
31. Kd3 Qf1+ 32. Kc3 Re4 33. Qxf7+ Kh8 34. Qf8+ Kh7 35. Bc5 Qxh3+ 36. f3 Qg3 37.
Nxc6 Rf4 38. Qe7+ Kg8 39. Qe6+ Kh7 40. Qd7+ Kg8 41. Qxd5+ Kh7 42. Qd7+ Kg8 43.
Ne7+ Kh8 44. Bd4+ Rxd4 45. Qxd4+ Kh7 46. Qe4+ Kh8 47. Ng6+ Kg7 48. Qe5+ 1-0 
1-0

[Event "Live Chess"] [Site "Chess.com"] [Date "2022.01.30"] [Round "?"] [White
"Michiko3"] [Black "AfterEightTea"] [Result "0-1"] [ECO "A20"] [WhiteElo "828"]
[BlackElo "1356"] [TimeControl "2700+45"] [EndTime "9:58:55 PST"] [Termination
"AfterEightTea won by resignation"]  1. c4 e5 2. g3 c6 3. Bg2 d5 4. e3 Nf6 5.
Nc3 Be6 6. Nge2 d4 7. Ne4 Nxe4 8. Bxe4 dxe3 9. fxe3 Bxc4 10. d3 Bd5 11. O-O Be7
12. b3 Bxe4 13. dxe4 O-O 14. Bb2 Qxd1 15. Raxd1 f6 16. Nc1 Kf7 17. Nd3 Na6 18.
a3 Rfd8 19. Nf2 Ke6 20. Rde1 Nc5 21. Ba1 Nxb3 22. Rd1 Nd2 23. Kg2 Nxf1 24. Rxf1
Bxa3 25. Ng4 Rd2+ 26. Kh3 Rad8 27. Bc3 Rc2 28. Ba5 b6 29. Be1 Rc1 30. Nf2 Bb4
31. Nd3 Rxd3 32. Bxb4 Rxf1 0-1 
0-1

[Event "Live Chess"] [Site "Chess.com"] [Date "2022.01.27"] [Round "?"] [White
"Morphonium"] [Black "nargaef"] [Result "1-0"] [ECO "D15"] [WhiteElo "1332"]
[BlackElo "1687"] [TimeControl "2700+30"] [EndTime "17:44:58 PST"] [Termination
"Morphonium won by resignation"]  1. d4 d5 2. c4 c6 3. Nf3 Nf6 4. Nc3 dxc4 5. e3
b5 6. a4 b4 7. Nb1 Bf5 8. Bxc4 e6 9. O-O Be7 10. b3 a5 11. Bb2 Nbd7 12. Nbd2 Ne4
13. Nxe4 Bxe4 14. Bd3 Nf6 15. Bxe4 Nxe4 16. Ne5 Qd6 17. Rc1 Rc8 18. Qd3 Nf6 19.
Qa6 O-O 20. Rxc6 Rxc6 21. Qxc6 Qb8 22. Rc1 Bd6 23. Qa6 Rd8 24. Nc6 Bxh2+ 25. Kf1
Qd6 26. Qxa5 e5 27. Qxd8+ 1-0 
1-0

[Event "Live Chess"] [Site "Chess.com"] [Date "2022.01.26"] [Round "?"] [White
"Renek13"] [Black "Twan709"] [Result "0-1"] [ECO "D10"] [WhiteElo "2026"]
[BlackElo "2103"] [TimeControl "2700+30"] [EndTime "17:27:57 PST"] [Termination
"Twan709 won by resignation"]  1. d4 d5 2. c4 c6 3. Nc3 Nf6 4. e3 e6 5. Nf3 Nbd7
6. Be2 dxc4 7. a4 Bb4 8. Bxc4 Qa5 9. Bd2 O-O 10. O-O e5 11. Qb3 exd4 12. exd4
Nb6 13. Bd3 Be6 14. Qc2 Qh5 15. Ne5 Ng4 16. Nf3 Bd6 17. g3 Nc4 18. Ne4 Nxd2 19.
Qxd2 Be7 20. Qf4 Rad8 21. Rfe1 Rd5 22. Nc3 Bg5 23. Nxg5 Qxh2+ 24. Kf1 Rxg5 25.
Ke2 Qh5 26. Kd2 Bf5 27. Ne4 Bxe4 28. Bxe4 f5 29. Bd3 Qg6 30. Bc4+ Kh8 31. Re6
Nf6 32. Rae1 h6 33. Qc7 Rg4 34. Qe7 Rxd4+ 35. Kc3 Rdd8 36. Qxb7 Qg5 37. R1e2
Ne4+ 38. Kc2 Rd2 + 39. Rxd2 Qxd2+ 40. Kb1 Qd1+ 41. Ka2 Qxa4+ 42. Kb1 Nd2+ 43.
Kc1 Qxc4+ 44. Kxd2 Qxe6 0-1 
0-1

[Event "Live Chess"] [Site "Chess.com"] [Date "2022.01.30"] [Round "?"] [White
"yaR_33"] [Black "Vindice"] [Result "1-0"] [ECO "D30"] [WhiteElo "1716"]
[BlackElo "1722"] [TimeControl "3600+30"] [EndTime "10:42:39 PST"] [Termination
"yaR_33 won by resignation"]  1. d4 d5 2. c4 e6 3. Nf3 Be7 4. g3 Nf6 5. Bg2 O-O
6. O-O Nbd7 7. Qc2 c5 8. dxc5 Nxc5 9. b4 Ncd7 10. c5 a5 11. Qa4 b6 12. c6 b5 13.
Qxb5 Ba6 14. Qa4 Nb6 15. Qc2 axb4 16. Bf4 Bd6 17. Nbd2 Bxf4 18. gxf4 Qc7 19. e3
Bxf1 20. Bxf1 Rfc8 21. Bb5 Ra5 22. Nd4 Ne8 23. N2b3 Raa8 24. Qd2 Nd6 25. Qxb4
Rcb8 26. a4 Nbc4 27. Rc1 Nb6 28. Nc5 Ndc4 29. Na6 Rxa6 30. Bxa6 Nc8 31. Bb7 N8d6
32. Nb5 Qb6 33. Rxc4 Nxc4 34. c7 Qxb7 35. cxb8=Q+ Qxb8 36. a5 Qa8 37. Nc7 Qc8
38. Nb5 g6 39. Nd6 Nxd6 40. Qxd6 Qc1+ 41. Kg2 Qa1 42. Qb8+ Kg7 43. Qe5+ 1-0 
1-0